Map: Usina Ácida LE

Players

Slaughter - Winner!

  • Race: Zerg Zerg
  • League: Silver
  • Spawn Location: 11:00

IagoAbreu

  • Race: Zerg Zerg
  • League: Gold
  • Spawn Location: 5:00

VOD

Have the link to the VOD?

Description

Time

  • Played on: May 9, 2018, 1:56 p.m.
  • Length: 7:27
Show
View Real Time Build Order
Export as new Build Order

Slaughter Zerg - Winner!

Build Orders: Pool First 

Get SALT Encoding   

  12  0:01  Drone  
  13  0:09  Drone  
  14  0:18  Drone, Extractor  
  15  0:23  Overlord  
  15  0:39  Spawning Pool  
  14  1:06  Drone  
  14  1:07  Hatchery  
  14  1:09  Drone  
  15  1:15  Drone  
  16  1:26  Queen  
  16  1:31  Zergling x2  
  19  1:38  Drone  
  20  1:41  Drone, Extractor  
  20  1:53  Zergling x2  
  21  2:01  Overlord  
  21  2:07  Evolution Chamber  
  20  2:19  Drone  
  21  2:24  Queen  
  21  2:25  Drone  
  21  2:27  Zergling x2  
  25  2:32  Drone  
  26  2:47  Zerg Melee Weapons Level 1  
  26  2:50  Drone x2  
  28  2:51  Zergling x4  
  28  2:53  Drone x2  
  32  3:01  Queen  
  34  3:10  Drone x2  
  36  3:14  Overlord  
  36  3:37  Zergling x6  
  36  3:40  Metabolic Boost  
  39  3:47  Roach Warren  
  38  3:52  Zergling x2  
  38  3:55  Zergling x10  
  44  4:05  Extractor  
  43  4:13  Drone  
  43  4:15  Overlord  
  44  4:23  Lair  
  44  4:33  Roach  
  46  4:39  Drone  
  46  4:40  Drone x3  
  50  4:47  Spore Crawler  
  50  4:51  Spore Crawler  
  48  4:57  Roach  
  50  5:02  Roach  
  52  5:10  Overlord x2  
  52  5:16  Zerg Missile Weapons Level 1  
  52  5:25  Overlord  
  44  5:53  Roach x3  
  30  6:28  Zergling x6, Queen  
  30  6:31  Zergling x8  
  36  6:50  Hatchery  
Show
View Real Time Build Order
Export as new Build Order

IagoAbreu Zerg 

Build Orders: Pool First, Zergling Baneling 

Get SALT Encoding   

  12  0:01  Drone  
  13  0:08  Drone  
  14  0:15  Extractor  
  14  0:17  Drone  
  14  0:24  Overlord  
  14  0:42  Spawning Pool  
  13  0:45  Drone  
  14  0:53  Drone x2  
  16  1:01  Evolution Chamber  
  15  1:07  Drone  
  16  1:13  Drone  
  17  1:19  Drone  
  18  1:43  Hatchery  
  18  1:46  Drone  
  18  1:55  Queen  
  20  2:04  Drone x2  
  22  2:21  Roach Warren  
  22  2:31  Baneling Nest  
  22  2:32  Zergling x2  
  22  2:33  Overlord x2  
  22  3:00  Queen  
  24  3:06  Overlord  
  24  3:25  Zerg Melee Weapons Level 1  
  24  3:36  Zergling x8  
  24  3:37  Zergling x10  
  33  3:50  Metabolic Boost  
  33  3:53  Lair  
  33  4:02  Drone x2  
  35  4:04  Drone  
  35  4:05  Drone x2  
  35  4:06  Zergling x4  
  40  4:12  Extractor  
  39  4:36  Baneling  
  39  4:37  Baneling x6  
  39  4:38  Baneling x3  
  39  4:44  Drone x4  
  43  4:55  Drone  
  43  4:58  Overlord x3  
  44  5:02  Baneling x3  
  44  5:34  Centrifical Hooks  
  44  5:40  Zergling x22  
  44  5:41  Zergling x2  
  10  6:26  Drone x3  
  13  6:43  Hatchery  
Tags
 
Add a new tag
Caveats
  • Supply blocks, unpowered buildings, or Contaminate may cause inaccurate times.
  • Supply counts are checked every 10 seconds.